 Dungeon Crawl Stone Soup version 0.28-a0-998-gb9e9c7b67e (webtiles) character file.

Game seed: 9095072075966351898

8 Htamos the Vexing (level 2, -1/12 HPs)
             Began as a Felid Enchanter on Dec 6, 2021.
             Slain by a rat (3 damage)
             ... on level 2 of the Dungeon.
             The game lasted 00:03:46 (868 turns).

Htamos the Vexing (Felid Enchanter)                  Turns: 868, Time: 00:03:47

Health: -1/12      AC:  1    Str:  4    XL:     2   Next: 0%
Magic:  6/6        EV: 17    Int: 14    God:
Gold:   0          SH:  0    Dex: 16    Spells: 5/5 levels left
                                        Lives:  0   Deaths: 0

rFire   . . .      SeeInvis +     - Unarmed
rCold   . . .      Faith    .   (shield unavailable)
rNeg    . . .      Spirit   .   (armour unavailable)
rPois   +          Reflect  .   (helmet unavailable)
rElec   .          Harm     .   (cloak unavailable)
rCorr   .          Rampage  .   (gloves unavailable)
Will    .....                   (boots unavailable)
Stlth   +++.......              (no amulet)
HPRegen 0.04/turn               (no ring)
MPRegen 0.10/turn               (no ring)

@: quick
A: very small, claws 1, fangs 3, see invisible, speed 1, shaggy fur 1, stealthy
paws, no weapons or thrown items, no armour, multi-lived, antennae 1, dopey 1,
poison resistance
a: no special abilities


You were on level 2 of the Dungeon.
You visited 1 branch of the dungeon, and saw 2 of its levels.

You aren't carrying anything.


   Skills:
 * Level 0.4 Fighting
 + Level 2.9 Dodging
 - Level 4.1 Stealth
 * Level 1.3 Unarmed Combat
 - Level 2.0 Spellcasting
 - Level 4.5 Hexes


You had 5 spell levels left.
You didn't know any spells.
Your spell library contained the following spells:

 Spells                   Type           Power      Damage    Failure   Level
 Confusing Touch          Hex            14%        N/A       11%         3
 Tukima's Dance           Hex            14%        N/A       11%         3
 Ensorcelled Hibernation  Hex/Ice        14%        N/A       14%         2
 Animate Skeleton         Necr           2%         N/A       24%         1
 Apportation              Tloc           2%         N/A       24%         1
 Summon Small Mammal      Summ           4%         N/A       24%         1
 Dazzling Flash           Conj/Hex       14%        N/A       28%         3
 Corpse Rot               Necr/Air       2%         N/A       34%         2
 Ignite Poison            Fire/Tmut/Pois 1%         N/A       56%         3


Dungeon Overview and Level Annotations

Branches:
Dungeon (2/15)

Altars:


Innate Abilities, Weirdness & Mutations

You have sharp claws.
You have razor-sharp teeth.
You have supernaturally acute eyesight. (SInv)
You cover ground quickly. (Speed+)
You are covered in fur. (AC +1)
Your paws help you pounce on unaware monsters.
You are incapable of wielding weapons or throwing items.
You cannot wear armour.
You gain extra lives every three experience levels.
You have a pair of small antennae on your head.
You are dopey. (Int -2)
Your system is resistant to poisons. (rPois)


Message History

A hobgoblin is nearby!
You start resting.
A hobgoblin is nearby!
You start resting.
A hobgoblin is nearby!
You start resting.
A hobgoblin is nearby!
You start resting.
HP restored.
A ball python comes into view.
You pounce on the unaware helpless ball python!
You claw the ball python!
You kill the ball python!
You have reached level 2!
a - a scroll labelled OTHRAY SAFAGAT You see here a ball python corpse.
A kobold comes into view. It is wielding a +0 club.
The kobold shouts!
You aren't carrying any items that you can evoke.
Blink to where?
Press: ? - help, Dir - move target
As you read the scroll labelled OTHRAY SAFAGAT, it crumbles to dust.
It was a scroll of blinking.
You completely miss the kobold. The kobold hits you with a +0 club.
You barely miss the kobold. The kobold hits you with a +0 club.
* * * LOW HITPOINT WARNING * * *
You barely miss the kobold. The kobold hits you with a +0 club.
* * * LOW HITPOINT WARNING * * *
You barely miss the kobold. The kobold misses you.
There is a stone staircase leading down here.
You climb downwards.
Found 3 gold pieces.
There is a stone staircase leading up here.
A rat is nearby!
Found a quarterstaff.
The rat bites you.
* * * LOW HITPOINT WARNING * * *
You scratch the rat but do no damage. The rat barely misses you.
You completely miss the rat. The rat completely misses you.
You closely miss the rat. The rat bites you.
You die...

##.#.##.# .......#
#......###
#......... #
....... ... ....
##...#####.#
.......<..@#
###........r......
#$############.)
.. .


You could see a rat.

Vanquished Creatures
  2 ball pythons (D:1)
  3 giant cockroaches (D:1)
  A frilled lizard (D:1)
  A kobold (D:1)
7 creatures vanquished.

Notes
Turn   | Place    | Note
-------+----------+-------------------------------------------
     0 | D:1      | Htamos the Felid Enchanter began the quest for the Orb.
     0 | D:1      | Reached XP level 1. HP: 7/7 MP: 4/4
    52 | D:1      | Got the Almanac of Unstable Feathers
   516 | D:1      | Gained mutation: You are dopey. (Int -2) [potion of
                  | mutation]
   516 | D:1      | Gained mutation: Your system is resistant to poisons.
                  | (rPois) [potion of mutation]
   516 | D:1      | Gained mutation: You have a pair of small antennae on your
                  | head. [potion of mutation]
   822 | D:1      | Reached XP level 2. HP: 12/12 MP: 6/6
   868 | D:2      | Slain by a rat

Illustrated notes

Levels and vault maps discovered:
D:1:      dpeg_arrival_rooms_with_view, layout_basic,
          dreamdust_ecumenical_altar_angels_and_demons
D:2:      layout_loops_ring, chequers_serial_rivers_small_a,
          due_unseen_surprise, uniq_robin

Action                   || total
-------------------------++-------
Melee: Unarmed           ||    35
       Bite              ||     2
  Use: Potion            ||     3
       Scroll            ||     1
 Stab: Invisible         ||     2
       Sleeping          ||     1
Armor: Skin              ||     1
Dodge: Dodged            ||    23

Table legend: (Time is in decaauts)
 A = Elapsed time spent in this place.
 B = Non-inter-level travel time spent in this place.
 C = Inter-level travel time spent in this place.
 D = Time resting spent in this place.
 E = Time spent auto-exploring this place.
 F = Levels seen in this place.
 G = Mean time per level.
                   A        B        C        D        E       F      G
               +--------+--------+--------+--------+--------+-----+--------+
         Total |    791 |    791 |      0 |    335 |    133 |   2 |  395.5 |
       Dungeon |    791 |    791 |      0 |    335 |    133 |   2 |  395.5 |
               +--------+--------+--------+--------+--------+-----+--------+

Top non-repeatable levels by time:
     D:1: 786 daAuts
     D:2: 5 daAuts
